 Dungeon Crawl Stone Soup version 0.19-a0-1672-g679cadd (webtiles) character file.

227 Amnesiac the Charlatan (level 5, -5/37 HPs)
             Began as a Mummy Artificer on Sept 23, 2016.
             Slain by Ankalagon's ghost (8 damage)
             ... while paralysed by Ankalagon's ghost
             ... on level 4 of the Dungeon.
             The game lasted 00:05:11 (3162 turns).

Amnesiac the Charlatan (Mummy Artificer)            Turns: 3162, Time: 00:05:12

Health: -5/37      AC:  6    Str: 16    XL:     5   Next: 70%
Magic:  7/9        EV:  2    Int: 10    God:
Gold:   51         SH:  0    Dex: 13    Spells: 0 memorised, 4 levels left

rFire  x . .     SeeInvis .     k - +0 quarterstaff
rCold  + . .     Gourm    .     f - +0 ring mail
rNeg   + + +     Faith    .     (shield currently unavailable)
rPois  ∞         Spirit   .     b - +0 helmet
rElec  .         Dismiss  .     (no cloak)
rCorr  .         Reflect  .     (no gloves)
MR     .....     Harm     .     (no boots)
Stlth  +.........               (no amulet)
                                (no ring)
                                (no ring)

@: paralysed
A: no food or potions, fire vulnerability, cold resistance 1, negative energy
resistance 3, torment resistance, unbreathing
a: no special abilities


You were on level 4 of the Dungeon.
You were not hungry.

You visited 1 branch of the dungeon, and saw 4 of its levels.

You collected 51 gold pieces.

Inventory:

Hand Weapons
 a - a +0 short sword
 k - a +0 quarterstaff (weapon)
 m - a +0 dagger of draining
 n - a +0 trident
Missiles
 l - 5 javelins (quivered)
 p - 3 curare-tipped needles
Armour
 b - a +0 helmet (worn)
 f - a +0 ring mail (worn)
Jewellery
 g - a cursed ring of loudness {unknown}
 q - an uncursed ring of see invisible {unknown}
Wands
 c - a wand of flame (8/48)
 d - a wand of enslavement (13/24)
 e - a wand of random effects (5/48)
Scrolls
 h - a scroll of immolation {unknown}
 i - 3 scrolls of teleportation {unknown}
 j - a scroll of random uselessness {unknown}
 o - a scroll of remove curse {unknown}
 r - a scroll of magic mapping {unknown}
 s - a scroll of identify {unknown}


   Skills:
 - Level 1.0 Fighting
 - Level 0.7 Short Blades
 - Level 1.5 Dodging
 - Level 0.7 Stealth
 + Level 5.4 Evocations


You had 4 spell levels left.
You didn't know any spells.

Dungeon Overview and Level Annotations

Branches:
Dungeon (4/15)
 Temple: D:4-7

Altars:
Elyvilon
Nemelex Xobeh
Sif Muna
Xom
Zin

Annotations:
D:4 Ankalagon's ghost, amateur TeCK


Innate Abilities, Weirdness & Mutations

You do not eat or drink.
Your flesh is vulnerable to fire.
You are immune to poison.
Your flesh is cold resistant. (rC+)
You are immune to negative energy. (rN+++)
You are immune to unholy pain and torment.
You can survive without breathing.


Message History

You closely miss Ankalagon's ghost.
Ankalagon's ghost is severely damaged.
Ankalagon's ghost hits you. Ankalagon's ghost closely misses you.
You completely miss Ankalagon's ghost.
Ankalagon's ghost is heavily damaged.
Ankalagon's ghost hits you. Ankalagon's ghost barely misses you.
You barely miss Ankalagon's ghost.
Ankalagon's ghost is heavily damaged.
Ankalagon's ghost hits you.
You feel your power leaking away.
Ankalagon's ghost hits you but does no damage.
You closely miss Ankalagon's ghost.
Ankalagon's ghost is heavily damaged.
Ankalagon's ghost closely misses you. Ankalagon's ghost hits you!
* * * LOW HITPOINT WARNING * * *
You suddenly lose the ability to move!
Ankalagon's ghost hits you.
* * * LOW HITPOINT WARNING * * *
x2 Ankalagon's ghost hits you!
You die...

### ######
#####.####....## ####
## #....†.#.......#
#..## ##.
#.....#..#......#
##...# ##..
.....####)##.....#
#....# ##.## ...#
#..#....## #....###.##
.# ##.##..## #....#..##
##.....### #......##
####..##..@.####.....##
##....######W........##
#.....# ##.......##
#.....# #.......#
#..<..# ##......##
##...## #.......#
##....# #.......#
#..#### ##......##
##.## #.......##


You could see Ankalagon's ghost.

Vanquished Creatures
  A howler monkey (D:4)
  An orc priest (D:3)
  A hound (D:4)
  An orc wizard (D:4)
  4 adders
  2 worms (D:3)
  A dart slug (D:2)
  2 leopard geckos (D:3)
  7 orcs
  3 giant cockroaches
  3 goblins
  5 hobgoblins
  3 jackals (D:3)
  2 quokkas
  2 ball pythons
  5 bats
  9 frilled lizards
  6 kobolds
  3 rats
61 creatures vanquished.

Vanquished Creatures (collateral kills)
  A worm (D:2)
  A bat (D:2)
2 creatures vanquished.

Vanquished Creatures (others)
  A worm (D:2)
1 creature vanquished.

Grand Total: 64 creatures vanquished

Notes
Turn   | Place    | Note
-------+----------+-------------------------------------------
     0 | D:1      | Amnesiac the Mummy Artificer began the quest for the Orb.
     0 | D:1      | Reached XP level 1. HP: 15/15 MP: 2/2
   306 | D:2      | Found a white marble altar of Elyvilon.
   306 | D:2      | Found a sparkling altar of Nemelex Xobeh.
   343 | D:2      | Reached XP level 2. HP: 8/21 MP: 4/4
   347 | D:2      | Reached skill level 3 in Evocations
   631 | D:3      | Reached XP level 3. HP: 23/26 MP: 5/5
   799 | D:3      | Reached skill level 4 in Evocations
   834 | D:2      | Reached XP level 4. HP: 6/32 MP: 7/7
  1494 | D:4      | Found a deep blue altar of Sif Muna.
  1537 | D:4      | Noticed a phantom
  1638 | D:4      | Found a shimmering altar of Xom.
  2394 | D:3      | Reached XP level 5. HP: 37/37 MP: 8/8
  2873 | D:2      | Found a glowing silver altar of Zin.
  2918 | D:4      | Reached skill level 5 in Evocations
  3140 | D:4      | Noticed Ankalagon's ghost (amateur TeCK)
  3160 | D:4      | Paralysed by Ankalagon's ghost for 7 turns
  3162 | D:4      | Slain by Ankalagon's ghost

Vault maps used:
D:1:      saegor_arrival_under_anarchy
D:2:      nicolae_overflow_hidden_temple, first_bread, lightli_corner_chamber
D:3:      serial_bayou_lake_a
D:4:      marbit_many_paths, lemuel_blue_sif_altar, dk_vineyard_2,
          kennysheep_generic_room_7

Skill      XL: |  1  2  3  4  5 |
---------------+----------------+-----
Evocations     | 3 4 5 |  5.4
Fighting       | |  1.0
Short Blades   | |  0.7
Dodging        | |  1.5
Stealth        | |  0.7

Action                   |  1- 3 |  4- 6 || total
-------------------------+-------+-------++-------
Melee: Short sword       |    86 |    53 ||   139
       Quarterstaff      |       |    60 ||    60
       Dagger            |       |    90 ||    90
Evoke: Wand              |    11 |     8 ||    19
Armor: Ring mail         |    40 |    78 ||   118
Dodge: Dodged            |    59 |   130 ||   189
